 Dungeon Crawl Stone Soup version 0.21-a0-442-g848f44b (webtiles) character file.

373 slep the Chopper (level 6, -2/50 HPs)
             Began as a Minotaur Wanderer on Nov 16, 2017.
             Slain by an orc priest
             ... wielding a +0 morningstar
              (8 damage)
             ... on level 3 of the Dungeon.
             The game lasted 00:07:39 (1905 turns).

slep the Chopper (Minotaur Wanderer)                Turns: 1905, Time: 00:07:39

Health: -2/50      AC:  8    Str: 17    XL:     6   Next: 43%
Magic:  5/5        EV: 10    Int:  8    God:
Gold:   64         SH:  4    Dex: 12    Spells: 5/5 levels left

rFire    . . .     SeeInvis .   j - +2 short sword (elec)
rCold    . . .     Gourm    .   (no shield)
rNeg     . . .     Faith    .   o - +0 scale mail
rPois    .         Spirit   .   (helmet restricted)
rElec    .         Reflect  +   (no cloak)
rCorr    .         Harm     .   (no gloves)
MR       .....                  s - +0 pair of boots
Stlth    ..........             n - +4 amulet of reflection
HPRegen  0.16/turn              (no ring)
MPRegen  0.09/turn              (no ring)

@: no status effects
A: retaliatory headbutt, horns 2
a: no special abilities


You were on level 3 of the Dungeon.
You were not hungry.

You visited 1 branch of the dungeon, and saw 3 of its levels.

You collected 64 gold pieces.

Inventory:

Hand Weapons
 a - a +2 hand axe
 c - a +0 falchion
 j - a +2 short sword of electrocution (weapon)
 y - a cursed -2 falchion
Missiles
 t - 2 tomahawks (quivered)
Armour
 d - a +0 robe
 o - a +0 scale mail (worn)
 s - a +0 pair of boots (worn)
Jewellery
 n - a +4 amulet of reflection (around neck)
Wands
 x - a wand of confusion (16/48)
Scrolls
 e - a scroll of magic mapping {unknown}
 g - 3 scrolls of identify {unknown}
 r - a scroll of enchant armour {unknown}
 u - a scroll of remove curse {unknown}
Potions
 b - 2 potions of lignification
 h - a potion of might {unknown}
 k - a potion of berserk rage {unknown}
 m - a potion of flight {unknown}
 p - a potion of degeneration {unknown}
 q - 2 potions of resistance {unknown}
 v - a potion of invisibility {unknown}
 w - 2 potions of curing {unknown}
Comestibles
 f - 4 bread rations
 i - a meat ration
 l - 4 fruits


   Skills:
 + Level 2.8 Fighting
 + Level 3.0(3.4) Short Blades
 + Level 2.5(3.3) Long Blades
 + Level 5.9 Axes
 + Level 1.0 Throwing
 + Level 3.7 Armour
 + Level 1.6 Dodging
 + Level 1.3 Stealth
 + Level 1.0 Evocations


You had 5 spell levels left.
You didn't know any spells.

Dungeon Overview and Level Annotations

Branches:
Dungeon (3/15)

Altars:
Cheibriados


Innate Abilities, Weirdness & Mutations

You reflexively headbutt those who attack you in melee.
You have a pair of horns on your head.


Message History

You hit cellescent's ghost. You headbutt cellescent's ghost.
Cellescent's ghost is almost destroyed.
Cellescent's ghost hits you.
* * * LOW HITPOINT WARNING * * *
Cellescent's ghost freezes you.
* * * LOW HITPOINT WARNING * * *
You hit cellescent's ghost.
Lightning courses through cellescent's ghost!
You destroy cellescent's ghost!
Your Fighting skill increases to level 2!
Your Short Blades skill gained 3 levels and is now at level 3!
Your Armour skill increases to level 3!
Your Dodging skill increases to level 1!
You have reached level 5!
You have reached level 6!
Your experience leads to an increase in your attributes!
Increase (S)trength, (I)ntelligence, or (D)exterity?
You feel stronger.
The orc priest hits you with a morningstar!
You die...

.......†....#
########.#..#
#.#..#######
#.#........#
#.#.######.#######
..#.# #.......#
###.# #######.#
#.# #.# #@# #.#
#o# #.# #.# #.#
... #.# #.. #.#
#... #.# #... #.#
..... #.#
........#


You could see an orc priest.

Vanquished Creatures
  The ghost of cellescent the Covered, a novice HOWn of Beogh (D:3)
  An adder (D:3)
  A worm (D:2)
  2 dart slugs (D:2)
  2 leopard geckos (D:2)
  3 orcs (D:2)
  3 giant cockroaches (D:2)
  5 goblins
  4 hobgoblins
  2 jackals (D:2)
  A quokka (D:2)
  2 ball pythons
  9 bats
  A frilled lizard (D:2)
  7 kobolds
  11 rats
55 creatures vanquished.

Notes
Turn   | Place    | Note
-------+----------+-------------------------------------------
     0 | D:1      | slep the Minotaur Wanderer began the quest for the Orb.
     0 | D:1      | slep set off with: a +2 hand axe, a potion of lignification, a +0 falchion, a +0 robe, a bread ration
     0 | D:1      | Reached XP level 1. HP: 16/16 MP: 0/0
   140 | D:1      | Reached skill level 4 in Axes
   166 | D:1      | Reached XP level 2. HP: 17/23 MP: 1/1
   920 | D:2      | Found a snail-covered altar of Cheibriados.
   933 | D:2      | Reached XP level 3. HP: 23/28 MP: 2/2
   977 | D:2      | Reached skill level 5 in Axes
  1492 | D:3      | Noticed cellescent's ghost (novice HOWn)
  1773 | D:2      | Reached XP level 4. HP: 24/35 MP: 3/3
  1905 | D:3      | Killed cellescent's ghost
  1905 | D:3      | Reached skill level 1 in Dodging
  1905 | D:3      | Reached XP level 5. HP: 5/44 MP: 4/4
  1905 | D:3      | Reached XP level 6. HP: 6/50 MP: 5/5
  1905 | D:3      | Slain by an orc priest

Vault maps used:
D:1:      lightli_arrival_windingriver, hex_medium
D:2:      cheibriados_altar_1, first_bread
D:3:      tso_altar, minmay_distorted

Skill      XL: |  1  2  3  4 |
---------------+-------------+-----
Axes           | 4 5 |  5.9
Armour         | 3 |  3.7
Fighting       | 2 |  2.8
Short Blades   | 3 |  3.0
Dodging        | 1 |  1.6
Long Blades    | |  2.5
Throwing       | |  1.0
Stealth        | |  1.3
Evocations     | |  1.0

Action                   |  1- 3 |  4- 6 || total
-------------------------+-------+-------++-------
Melee: Hand axe          |    50 |       ||    50
       Headbutt          |    14 |     6 ||    20
       Short sword       |    44 |    21 ||    65
  Eat: Chunk             |     3 |       ||     3
Armor: Robe              |    10 |       ||    10
       Scale mail        |    27 |    13 ||    40
Dodge: Dodged            |    41 |     6 ||    47
Block: Other             |    12 |     3 ||    15
       Reflection        |     1 |       ||     1

Table legend:
 A = Spawn XP
 B = Non-spawn XP
 C = Spawn XP percentage of total XP
 D = Spawn monster count
 E = Non-spawn monster count
 F = Spawn count percentage of total count
 G = Total turns spent on level
                    A         B        C        D         E        F      G
               +---------+---------+-------+---------+---------+-------+---------
         Total |       0 |     534 |   0.0 |       0 |      55 |   0.0 |  1905
               +---------+---------+-------+---------+---------+-------+---------
           D:1 |       0 |      24 |   0.0 |       0 |      19 |   0.0 |   606
           D:2 |       0 |      67 |   0.0 |       0 |      31 |   0.0 |  1167
           D:3 |       0 |     443 |   0.0 |       0 |       5 |   0.0 |   132
               +---------+---------+-------+---------+---------+-------+---------
